Map: Moebius Facility XX-1

Players

neulaender - Winner!

  • Race: Zerg Zerg

Baumdoktor - Winner!

  • Race: Protoss Protoss

PauloCosta

  • Race: Terran Terran
  • League: Gold

MARC

  • Race: Zerg Zerg

VOD

Have the link to the VOD?

Description

Time

  • Played on: Oct. 16, 2016, 12:22 p.m.
  • Length: 23:21
Show
View Real Time Build Order
Export as new Build Order

neulaender Zerg - Winner!

Build Orders: Hatch First 

Get SALT Encoding   

  12  0:01  Drone  
  13  0:12  Overlord  
  13  0:17  Drone  
  14  0:30  Drone  
  14  0:31  Drone  
  16  0:36  Drone  
  17  0:45  Drone  
  18  0:57  Hatchery  
  18  1:02  Drone  
  18  1:13  Drone  
  18  1:18  Extractor  
  18  1:21  Spawning Pool  
  18  1:24  Drone  
  18  1:32  Drone  
  19  1:41  Drone  
  20  1:54  Drone  
  21  2:00  Overlord  
  21  2:10  Queen  
  21  2:12  Queen  
  26  2:15  Drone x2  
  26  2:21  Metabolic Boost  
  27  2:25  Drone x2  
  29  2:35  Drone  
  29  2:36  Roach Warren  
  29  2:39  Drone  
  29  2:40  Extractor  
  29  2:43  Zergling x2  
  29  2:54  Drone x3  
  32  3:03  Evolution Chamber  
  31  3:06  Evolution Chamber  
  31  3:11  Drone x2  
  32  3:16  Lair  
  32  3:19  Drone x2  
  34  3:33  Zerg Ground Armor Level 1  
  34  3:39  Drone  
  34  3:40  Drone, Extractor  
  34  3:41  Drone, Overlord  
  36  3:51  Zerg Missile Weapons Level 1  
  36  3:59  Drone x2  
  36  4:00  Drone  
  39  4:07  Drone x4  
  39  4:08  Drone  
  44  4:15  Overlord x2  
  44  4:29  Overlord x2  
  44  4:30  Glial Reconstitution  
  44  4:33  Extractor  
  44  4:34  Roach  
  44  4:35  Roach x2  
  49  4:52  Drone x3  
  52  5:01  Drone  
  52  5:02  Overlord  
  52  5:03  Roach  
  52  5:04  Roach  
  57  5:08  Hatchery  
  57  5:14  Roach x2  
  60  5:18  Hydralisk Den  
  59  5:29  Drone  
  59  5:30  Drone x3  
  59  5:35  Roach x4  
  71  5:37  Zerg Ground Armor Level 2  
  71  5:52  Muscular Augments, Hydralisk  
  71  5:53  Hydralisk x2  
  71  5:55  Extractor  
  76  5:59  Zergling x2  
  76  6:00  Zergling x2  
  76  6:02  Zergling x2  
  79  6:07  Queen  
  81  6:15  Drone x3  
  81  6:17  Overlord x2  
  84  6:44  Roach x2  
  84  6:45  Roach x9  
  106  6:58  Zerg Missile Weapons Level 2  
  106  7:05  Overlord x3  
  106  7:06  Overlord  
  106  7:14  Spore Crawler  
  106  7:15  Spore Crawler  
  104  7:16  Spore Crawler  
  104  7:20  Spore Crawler  
  104  7:21  Spore Crawler  
  104  7:22  Spore Crawler  
  100  7:27  Spore Crawler x3  
  100  7:28  Drone x2  
  99  7:38  Hydralisk x2  
  102  7:56  Zergling x20  
  112  8:02  Zerg Melee Weapons Level 1  
  112  8:17  Overlord  
  112  8:21  Drone x3  
  115  8:33  Hatchery  
  114  8:35  Drone x2  
  114  8:40  Drone x4  
  114  8:41  Infestation Pit  
  119  8:44  Roach  
  119  8:45  Zergling x2  
  114  9:00  Hydralisk  
  114  9:01  Hydralisk x3  
  122  9:26  Zergling x6  
  122  9:27  Zergling x8  
  129  9:55  Spore Crawler  
  129  9:57  Nydus Network  
  127  10:05  Overlord x3  
  127  10:06  Overlord x4  
  127  10:12  Hive  
  127  10:13  Zerg Melee Weapons Level 2  
  127  10:15  Tunneling Claws  
  127  10:16  Burrow  
  127  10:21  Overlord  
  127  10:22  Overlord x2  
  127  10:27  Pneumatized Carapace  
  127  10:35  Overlord x2  
  127  10:54  Nydus Canal  
  124  11:31  Hydralisk  
  124  11:32  Hydralisk x14  
  130  11:39  Roach x11  
  104  12:13  Nydus Canal  
  82  12:25  Drone x3  
  82  12:27  Nydus Canal  
  85  12:34  Drone x2  
  88  12:37  Drone x3  
  88  12:38  Hydralisk x3  
  88  12:39  Hydralisk  
  98  12:53  Zergling x2  
  98  12:54  Zergling x4  
  80  13:20  Drone x3  
  80  13:22  Hydralisk  
  80  13:23  Hydralisk x8  
  82  13:40  Spore Crawler  
  71  13:42  Spire x2  
  71  13:43  Zergling x2  
  71  13:44  Zergling x12  
  71  13:47  Queen  
  37  14:56  Zerg Flyer Armor Level 1, Zerg Flyer Weapons Level 1  
  37  14:57  Mutalisk x7  
  37  14:58  Mutalisk x3  
  57  15:13  Drone x4  
  61  15:14  Mutalisk  
  61  15:36  Mutalisk x3  
  61  15:37  Mutalisk  
  69  15:43  Zergling x4  
  53  16:54  Mutalisk  
  53  16:55  Mutalisk x10  
  63  17:16  Corruptor  
  63  17:17  Corruptor x4  
  26  18:40  Hatchery  
  25  18:46  Hatchery  
  23  18:56  Hatchery  
  22  19:06  Hatchery  
  21  19:55  Drone  
  21  20:02  Spawning Pool  
  21  20:04  Drone  
  21  20:09  Drone  
  22  20:23  Drone  
  16  20:29  Drone  
  16  20:30  Drone  
  16  20:33  Drone x2  
  16  20:35  Drone x2  
  18  20:46  Spawning Pool  
  17  20:50  Queen  
  17  20:52  Queen  
  17  20:53  Zergling x2  
  17  20:54  Zergling x8  
  26  20:59  Zergling x2  
  26  21:02  Drone  
  26  21:03  Zergling x2  
  29  21:09  Zergling x2  
  30  21:19  Zergling x2  
  31  21:30  Zergling x10  
  34  21:44  Drone  
  34  21:46  Zergling x8  
  37  21:58  Zergling x6  
  40  22:12  Zergling x2  
  40  22:13  Zergling x6  
  40  22:36  Zergling x10  
  34  22:43  Hatchery  
  24  23:01  Zergling x8  
Show
View Real Time Build Order
Export as new Build Order

Baumdoktor Protoss - Winner!

Build Orders: 1 Gate Expand 

Get SALT Encoding   

  12  0:02  Probe (Chrono Boost)  
  14  0:14  Probe (Chrono Boost)  
  14  0:19  Pylon  
  14  0:24  Probe (Chrono Boost)  
  15  0:37  Probe (Chrono Boost)  
  15  0:41  Gateway  
  16  0:48  Probe (Chrono Boost)  
  17  0:58  Probe (Chrono Boost)  
  18  1:10  Probe (Chrono Boost)  
  19  1:21  Nexus  
  19  1:26  Probe (Chrono Boost)  
  20  1:32  Cybernetics Core  
  20  1:42  Pylon  
  21  1:54  Probe (Chrono Boost)  
  21  2:00  Assimilator  
  21  2:05  Assimilator  
  21  2:24  Warp Gate  
  21  2:32  Probe (Chrono Boost)  
  22  2:42  Probe (Chrono Boost)  
  23  2:48  Gateway  
  23  2:50  Gateway, Stalker  
  25  2:51  Gateway  
  26  3:05  Probe (Chrono Boost)  
  26  3:09  Probe (Chrono Boost)  
  27  3:17  Probe (Chrono Boost)  
  27  3:19  Probe (Chrono Boost)  
  29  3:20  Stalker  
  31  3:30  Probe (Chrono Boost)  
  32  3:36  Stalker  
  32  3:40  Probe (Chrono Boost)  
  35  3:42  Stalker  
  35  3:44  Stalker  
  39  3:50  Stalker  
  41  4:23  Probe (Chrono Boost)  
  42  4:34  Probe (Chrono Boost)  
  42  4:37  Forge  
  43  4:39  Pylon  
  43  4:40  Pylon  
  43  4:57  Twilight Council  
  43  4:58  Probe (Chrono Boost)  
  44  5:10  Probe (Chrono Boost)  
  46  5:22  Probe (Chrono Boost)  
  46  5:24  Stargate  
  46  5:35  Probe (Chrono Boost)  
  47  5:41  Stargate  
  47  5:52  Assimilator  
  47  5:54  Assimilator  
  47  6:09  Stalker x2  
  47  6:10  Stalker x2  
  55  6:16  Void Ray  
  59  6:20  Nexus  
  59  6:37  Pylon  
  59  6:39  Pylon  
  59  6:42  Pylon  
  60  6:47  Probe (Chrono Boost), Pylon  
  60  6:51  Pylon  
  60  6:54  Void Ray  
  60  6:57  Probe (Chrono Boost)  
  60  6:58  Stalker x3  
  71  7:08  Probe (Chrono Boost)  
  72  7:18  Probe (Chrono Boost)  
  73  7:29  Mothership Core (Chrono Boost)  
  75  7:31  Phoenix  
  77  7:44  Phoenix  
  79  7:54  Zealot x3  
  79  7:55  Zealot  
  87  8:09  Gateway  
  87  8:11  Gateway  
  87  8:13  Gateway  
  87  8:16  Gateway  
  87  8:19  Gateway  
  87  8:26  Gateway  
  87  8:28  Void Ray x2  
  87  8:31  Pylon  
  87  8:33  Pylon  
  95  8:35  Pylon  
  95  8:36  Probe (Chrono Boost)  
  95  8:38  Pylon  
  95  8:39  Probe (Chrono Boost)  
  97  8:43  Pylon  
  97  8:48  Probe (Chrono Boost)  
  98  8:49  Probe (Chrono Boost)  
  99  9:00  Probe (Chrono Boost)  
  100  9:10  Probe (Chrono Boost)  
  101  9:17  Assimilator  
  101  9:21  Probe (Chrono Boost)  
  101  9:23  Assimilator  
  98  9:40  Void Ray  
  98  9:41  Void Ray  
  98  9:45  Stalker x2  
  108  9:50  Stalker  
  103  10:09  Charge  
  103  10:14  Zealot x5  
  103  10:15  Zealot x2  
  117  10:23  Void Ray x2  
  117  10:27  Protoss Ground Weapons Level 1  
  125  10:32  Protoss Air Weapons Level 1  
  117  10:57  Nexus  
  117  11:41  Templar Archives  
  112  12:21  Protoss Ground Armor Level 1  
  31  13:37  Stalker  
  31  13:38  Stalker x5  
  31  13:39  Stalker x4  
  51  13:49  Void Ray x2  
  41  14:29  Stalker x4  
  41  14:30  Stalker  
  44  15:02  Zealot x2  
  44  15:03  Zealot x3  
  44  15:37  Nexus  
  44  15:48  High Templar x2  
  44  15:49  High Templar x4  
  52  15:53  Archon  
  52  15:54  Archon x2  
  48  16:48  Pylon  
  48  16:50  Pylon  
  48  16:53  Pylon  
  21  17:33  Nexus  
  21  18:40  Probe (Chrono Boost)  
  22  18:51  Probe (Chrono Boost)  
  23  19:01  Probe (Chrono Boost)  
  24  19:12  Probe (Chrono Boost)  
  25  19:33  Probe (Chrono Boost)  
  26  19:43  Gateway  
  26  19:44  Probe (Chrono Boost)  
  26  19:45  Gateway  
  27  19:47  Gateway  
  27  19:50  Gateway  
  27  19:52  Gateway  
  27  19:54  Probe (Chrono Boost)  
  26  20:05  Probe (Chrono Boost)  
  27  20:15  Probe (Chrono Boost)  
  28  21:00  Cybernetics Core, Pylon  
  28  21:01  Pylon  
  28  21:04  Pylon  
  28  21:05  Zealot x4  
  28  21:06  Zealot  
  38  21:32  Zealot  
  38  21:33  Zealot x4  
  30  22:55  Probe (Chrono Boost)  
  30  23:03  Cybernetics Core  
  31  23:05  Probe (Chrono Boost)  
Show
View Real Time Build Order
Export as new Build Order

PauloCosta Terran 

Build Orders: Bio Tank 

Get SALT Encoding   

  12  0:03  SCV  
  13  0:15  SCV  
  13  0:19  Supply Depot  
  14  0:27  SCV  
  15  0:41  SCV  
  16  0:43  Barracks  
  16  0:50  Refinery  
  16  0:53  SCV  
  17  1:05  SCV  
  18  1:17  SCV  
  20  1:33  Marine  
  20  1:34  Orbital Command  
  20  1:52  Command Center  
  20  2:01  Marine  
  21  2:21  Refinery  
  21  2:24  Supply Depot, Factory  
  21  2:25  SCV  
  22  2:37  SCV  
  23  2:45  Barracks Reactor  
  23  2:49  SCV  
  24  3:01  SCV  
  24  3:03  Bunker  
  26  3:08  Orbital Command  
  25  3:13  Factory Tech Lab, SCV  
  26  3:23  Engineering Bay  
  26  3:25  SCV  
  26  3:26  Starport  
  27  3:28  Marine  
  28  3:38  Marine  
  28  3:40  SCV  
  30  3:46  Marine  
  31  3:49  Supply Depot, SCV  
  31  3:54  Missile Turret  
  32  3:56  Marine  
  32  4:00  Missile Turret  
  32  4:02  SCV  
  34  4:04  Marine  
  35  4:10  Siege Tank  
  38  4:26  Starport Reactor  
  38  4:32  Barracks  
  38  4:35  Barracks  
  38  4:39  SCV x2  
  38  4:41  Sensor Tower, Marine x2  
  42  4:49  Siege Tank  
  45  4:56  Refinery  
  45  4:57  Refinery  
  45  5:01  SCV x2  
  45  5:06  Medivac  
  49  5:13  SCV  
  50  5:16  Medivac  
  52  5:22  Barracks Tech Lab  
  52  5:23  Barracks Tech Lab  
  52  5:38  Medivac  
  54  5:45  Barracks  
  54  5:48  Supply Depot  
  54  5:52  Barracks  
  54  5:59  Stimpack  
  54  6:02  Liberator  
  54  6:08  SCV  
  54  6:09  Marine x4  
  54  6:10  Siege Tank, SCV  
  62  6:19  Supply Depot  
  62  6:22  Supply Depot  
  65  6:27  Marine x4  
  69  6:37  Combat Shields  
  69  6:44  Barracks Reactor  
  69  6:54  Marine x3  
  73  7:02  Barracks Reactor  
  72  7:12  Missile Turret, Marine  
  72  7:13  Marine x3  
  76  7:21  Supply Depot  
  76  7:25  Marine x2  
  78  7:30  Marine x3  
  78  7:31  Marine  
  82  7:38  Marine x2  
  82  7:43  Marine x2  
  89  7:44  Siege Tank  
  89  7:45  SCV x2  
  89  7:48  Marine x4  
  80  7:56  Marine  
  80  7:57  Marine  
  82  8:01  Marine x2  
  82  8:04  Armory  
  84  8:06  Marine x4  
  88  8:13  Engineering Bay  
  88  8:14  Marine x2  
  88  8:17  SCV  
  88  8:18  Marine  
  88  8:19  Marine  
  93  8:24  Marine  
  94  8:34  Siege Tank  
  94  8:35  Medivac  
  94  8:36  Marine x3  
  102  8:48  Marine  
  74  9:07  Siege Tank  
  77  9:13  Factory  
  77  9:17  Factory  
  77  9:20  Marine  
  77  9:21  Starport, Marine x4  
  79  9:27  Marine  
  79  9:35  Medivac x2  
  83  9:39  Siege Tank  
  86  9:47  SCV  
  86  9:48  SCV  
  88  9:58  Missile Turret  
  88  10:03  Missile Turret  
  88  10:05  Supply Depot, Marine x5  
  88  10:06  Missile Turret, Supply Depot  
  93  10:08  Factory Tech Lab  
  93  10:11  Siege Tank, Supply Depot  
  96  10:18  Factory Tech Lab  
  96  10:20  Starport Reactor  
  96  10:29  Terran Vehicle Weapons Level 1  
  96  10:35  Marine x3  
  96  10:36  Marine x5  
  104  10:49  Missile Turret  
  104  10:53  Marine x4  
  104  10:54  Marine x4  
  104  10:55  Missile Turret  
  112  10:59  Viking  
  114  11:11  Marine x5  
  112  11:12  Marauder x2, Marine  
  104  11:29  Marine x3  
  103  12:00  Marine  
  103  12:01  Marine x3  
  102  12:05  Marine x2  
  102  12:06  Marine  
Show
View Real Time Build Order
Export as new Build Order

MARC Zerg 

Build Orders: Hatch First 

Get SALT Encoding   

  12  0:01  Drone  
  13  0:13  Drone  
  14  0:18  Drone, Extractor  
  15  0:46  Overlord  
  15  0:47  Hatchery  
  14  1:09  Spawning Pool  
  14  1:10  Drone  
  15  1:11  Drone  
  15  1:34  Drone x3  
  18  1:44  Extractor  
  18  1:45  Overlord  
  17  1:58  Queen  
  19  2:03  Queen  
  19  2:05  Drone  
  22  2:18  Drone x2  
  24  2:31  Extractor  
  24  2:32  Drone x2  
  24  2:36  Drone x3  
  28  2:53  Drone  
  28  2:55  Drone  
  31  2:58  Drone x2  
  32  3:08  Drone  
  32  3:09  Hatchery  
  32  3:19  Drone x3  
  36  3:20  Drone  
  36  3:30  Spore Crawler  
  36  3:31  Spore Crawler  
  34  3:36  Drone x2  
  34  3:38  Overlord  
  36  3:46  Lair  
  36  3:51  Overlord  
  36  4:03  Drone x4  
  36  4:06  Extractor  
  39  4:18  Drone x2  
  41  4:26  Overlord x4  
  41  4:37  Drone x2  
  41  4:38  Drone  
  44  4:42  Extractor  
  43  4:46  Drone x2  
  43  4:47  Drone, Overlord  
  46  4:55  Spire  
  45  5:01  Queen  
  45  5:02  Drone  
  45  5:03  Drone x2  
  50  5:11  Extractor  
  50  5:12  Extractor  
  48  5:17  Drone x2  
  50  5:34  Drone x2  
  50  5:35  Drone  
  53  5:37  Drone x2  
  53  5:38  Drone  
  56  5:42  Spore Crawler  
  56  5:44  Spore Crawler  
  54  5:54  Spire  
  53  5:58  Infestation Pit  
  53  6:03  Drone x3  
  55  6:05  Overlord x3  
  55  6:08  Overseer x4  
  55  6:16  Mutalisk x3  
  55  6:17  Mutalisk x4  
  55  6:18  Mutalisk  
  71  6:31  Spore Crawler  
  70  6:34  Spore Crawler  
  70  6:38  Spore Crawler  
  68  6:48  Drone x3  
  68  6:51  Zerg Flyer Weapons Level 1  
  68  6:52  Mutalisk x2  
  68  6:53  Mutalisk x2  
  79  7:27  Spore Crawler  
  78  7:32  Spore Crawler  
  77  7:39  Corruptor x4  
  77  7:40  Corruptor x3  
  91  7:47  Drone x3  
  93  8:29  Hive  
  93  8:30  Zerg Flyer Armor Level 1  
  93  8:43  Mutalisk x2  
  93  8:44  Mutalisk x3  
  93  8:45  Mutalisk x3  
  107  10:05  Greater Spire  
  107  10:33  Zerg Flyer Weapons Level 2  
  107  10:41  Corruptor x2  
  107  10:42  Corruptor  
  113  10:44  Overlord x4  
  113  10:45  Overlord x5  
  113  10:46  Overlord x4  
  113  11:27  Hatchery  
  104  12:08  Brood Lord x2  
  104  12:09  Brood Lord x7  
  104  12:10  Brood Lord  
  104  12:12  Queen  
  124  12:22  Hatchery  
  123  12:28  Corruptor x2  
  123  12:29  Corruptor x9  
  137  12:30  Corruptor x3  
  137  13:51  Corruptor x4  
  137  13:52  Corruptor x5  
  155  14:02  Queen  
  147  14:49  Corruptor x4  
  147  14:50  Corruptor x4  
  163  15:15  Corruptor  
  163  15:16  Corruptor x3  
  171  15:34  Brood Lord  
  139  17:56  Spine Crawler  
  139  17:57  Spine Crawler  
  139  17:58  Spine Crawler  
  135  17:59  Spine Crawler  
  135  18:00  Spine Crawler  
  135  18:02  Spine Crawler x4  
  135  18:04  Spine Crawler  
  125  18:06  Spine Crawler x2  
  125  18:07  Zergling x2  
  125  18:08  Zergling x16  
  125  18:10  Queen  
  122  19:08  Spine Crawler  
  122  19:09  Spine Crawler  
  118  19:52  Spawning Pool  
  108  21:54  Zergling x2  
  108  21:55  Zergling x12  
  108  21:56  Zergling x4  
  107  22:37  Zergling x10  
Tags
 
Add a new tag
Caveats
  • Supply blocks, unpowered buildings, or Contaminate may cause inaccurate times.
  • Supply counts are checked every 10 seconds.